 Dungeon Crawl Stone Soup version 0.22.0-5-gf09313c (webtiles) character file.

74 Lauz the Cudgeler (level 4, -2/60 HPs)
             Began as a Draconian Berserker on Aug 13, 2018.
             Was a Believer of Trog.
             Slain by a gnoll
             ... wielding a +0 whip
              (5 damage)
             ... on level 1 of the Dungeon.
             The game lasted 00:10:01 (1477 turns).

Lauz the Cudgeler (Draconian Berserker)             Turns: 1477, Time: 00:10:02

Health: -2/60      AC:  5    Str: 26    XL:     4   Next: 10%
Magic:  0/4        EV: 12    Int:  7    God:    Trog [**....]
Gold:   29         SH:  0    Dex: 10    Spells: 3/3 levels left

rFire    . . .     SeeInvis .   a - +0 mace
rCold    . . .     Gourm    .   (no shield)
rNeg     . . .     Faith    .   (armour unavailable)
rPois    .         Spirit   +   (helmet restricted)
rElec    .         Reflect  .   (no cloak)
rCorr    .         Harm     .   (no gloves)
MR       .....                  (no boots)
Stlth    ..........             g - amulet of guardian spirit
HPRegen  0.20/turn              (no ring)
MPRegen  0.09/turn              (no ring)

@: berserking, very quick
A: unfitting armour, cold-blooded, AC +5
a: Berserk, Trog's Hand, Renounce Religion


You were on level 1 of the Dungeon.
You worshipped Trog.
Trog was pleased with you.
You were hungry.

You visited 1 branch of the dungeon, and saw 2 of its levels.

You collected 29 gold pieces.

Inventory:

Hand Weapons
 a - a +0 mace (weapon)
 l - a cursed -3 dagger
Jewellery
 g - an amulet of guardian spirit (around neck)
 h - a +5 ring of intelligence {unknown}
Scrolls
 d - a scroll of blinking {unknown}
 e - 3 scrolls of identify
 f - a scroll of teleportation {unknown}
 k - a scroll of enchant armour {unknown}
Potions
 c - 2 potions of flight {unknown}
 j - a potion of curing {unknown}
Comestibles
 b - 3 rations


   Skills:
 + Level 4.1 Fighting
 * Level 4.4 Maces & Flails
 - Level 2.7 Dodging


You had 3 spell levels left.
You didn't know any spells.
Your spell library was empty.

Dungeon Overview and Level Annotations

Branches:
Dungeon (2/15)

Altars:
Okawaru


Innate Abilities, Weirdness & Mutations

Your plain brown scales are hard. (AC +5)
You cannot fit into any form of body armour.
You are cold-blooded and may be slowed by cold attacks.


Message History

The gnoll is lightly wounded.
The gnoll misses you. The gnoll hits you with a whip!
You hit the gnoll but do no damage. You tail-slap the gnoll!
The gnoll is severely wounded.
The gnoll hits you with a whip. The gnoll completely misses you.
The gnoll hits you with a whip!
* * * LOW HITPOINT WARNING * * *
The gnoll hits you but does no damage.
You climb upwards.
There is a stone staircase leading down, spattered with blood here.
Unknown command.
A red film seems to cover your vision as you go berserk!
You feel yourself moving faster!
You feel mighty!
You are feeling hungry.
The gnoll hits you with a whip.
* * * LOW HITPOINT WARNING * * *
The gnoll hits you with a flail!
* * * LOW HITPOINT WARNING * * *
You completely miss the gnoll. The gnoll hits you with a whip.
You die...

#.#.#....#######..#
#.#......#.....#.#####
#.#....#.#.≈≈≈.#.#...#
#######.#....#.#.≈≈≈.#'#...#
#............#.#.≈≈≈.#'..<.#
#.........#....#.≈≈≈.#'#...#
#..............#.X≈≈.#.#...#
#........##)g..#...!.#.#####
#####...........@g.#######..#
.............####...........#
............................#
........#.....###############
(......###....#
..............#
.....#.).).#..#
....##.._..##.#
.....#.).).#..#


You could see 2 gnolls and a neutral kraken.

Vanquished Creatures
  3 gnolls (D:1)
  2 dart slugs (D:1)
  A leopard gecko (D:1)
  5 bats
  2 giant cockroaches (D:1)
  6 goblins
  7 hobgoblins
  4 jackals (D:1)
  2 frilled lizards (D:1)
  4 kobolds
  2 rats
38 creatures vanquished.

Vanquished Creatures (others)
  A draconian (D:1)
  2 octopodes (D:1)
  A vine stalker (D:1)
  An elf (D:1)
  A formicid (D:1)
  2 vampires (D:1)
  A human (D:1)
  A naga (D:1)
  A dwarf (D:1)
  2 centaurs (D:1)
  An orc (D:1)
  A kobold (D:1)
  5 tentacles (D:1)
20 creatures vanquished.

Grand Total: 58 creatures vanquished

Notes
Turn   | Place    | Note
-------+----------+-------------------------------------------
     0 | D:1      | Lauz the Draconian Berserker began the quest for the Orb.
     0 | D:1      | Reached XP level 1. HP: 19/19 MP: 1/1
     2 | D:1      | Noticed a formicid
     2 | D:1      | Noticed an elf
     2 | D:1      | Noticed a vampire
     2 | D:1      | Noticed an octopode
     2 | D:1      | Noticed a dwarf
     2 | D:1      | Noticed a vine stalker
     2 | D:1      | Noticed a kraken
     2 | D:1      | Noticed a naga
     2 | D:1      | Noticed a centaur
     2 | D:1      | Noticed a vampire
     2 | D:1      | Noticed a centaur
     2 | D:1      | Noticed an octopode
     2 | D:1      | Noticed a draconian
     2 | D:1      | Noticed a human
     3 | D:1      | Killed a vine stalker
     3 | D:1      | Killed a centaur
     4 | D:1      | Killed a centaur
     4 | D:1      | Killed a naga
     5 | D:1      | Killed an elf
     6 | D:1      | Killed an octopode
     6 | D:1      | Killed a human
     7 | D:1      | Killed a vampire
     7 | D:1      | Killed a dwarf
     8 | D:1      | Killed a formicid
     9 | D:1      | Killed a draconian
    10 | D:1      | Killed an octopode
    11 | D:1      | Killed a vampire
    73 | D:1      | Reached XP level 2. HP: 21/26 MP: 2/2
   137 | D:1      | Found an iron altar of Okawaru.
   488 | D:1      | Reached XP level 3. HP: 24/33 MP: 3/3
  1076 | D:2      | Reached ** piety under Trog
  1219 | D:1      | Reached XP level 4. HP: 9/40 MP: 1/4
  1476 | D:1      | HP: 3/60 [gnoll/flail (10)]
  1477 | D:1      | Slain by a gnoll

Skill      XL: |  1  2  3 |
---------------+----------+-----
Maces & Flails | 4 |  4.4
Fighting       | 4 |  4.1
Dodging        | |  2.7

Action                   |  1- 3 |  4- 6 || total
-------------------------+-------+-------++-------
Melee: Mace              |   112 |     4 ||   116
       Tailslap          |     8 |     2 ||    10
Invok: Berserk           |     1 |     1 ||     2
  Use: Scroll            |     1 |       ||     1
  Eat: Chunk             |     1 |     2 ||     3
Armor: Skin              |    46 |     1 ||    47
Dodge: Dodged            |    67 |     4 ||    71
